 Dungeon Crawl Stone Soup version 0.29.0-4-gdea44cf6ec (webtiles) character file.

Game seed: 914618875321418100

5513 qw the Cleaver (level 10, -18/88 HPs)
             Began as a Minotaur Fighter on Sept 8, 2022.
             Was a Believer of Ru.
             Killed from afar by an oklob sapling (28 damage)
             ... with a splash of acid
             ... on level 8 of the Dungeon.
             The game lasted 00:03:21 (8763 turns).

qw the Cleaver (Minotaur Fighter)                   Turns: 8763, Time: 00:03:22

Health: -18/88     AC:  0    Str: 23      XL:     10   Next: 43%
Magic:  9/9        EV:  7    Int: 12      God:    Ru [**....]
Gold:   459        SH: 10    Dex: 10 (11) Spells: 9/9 levels left

rFire   . . .      SeeInvis .   Y - +2 broad axe (flame)
rCold   . . .      Faith    .   i - +0 kite shield
rNeg    . . .      Spirit   .   o - +0 chain mail
rPois   .          Reflect  .   (helmet restricted)
rElec   .          Harm     .   (no cloak)
rCorr   .          Rampage  .   v - +0 pair of gloves
Will    .....                   (no boots)
Stlth   ..........              (no amulet)
HPRegen 0.24/turn               (no ring)
MPRegen 0.11/turn               (no ring)

@: about to teleport, corroded, very slow
A: horns 2, inability to use devices, retaliatory headbutt, agile 1, clever 2
a: Renounce Religion


You were on level 8 of the Dungeon.
You worshipped Ru.
Ru was pleased with you.
You visited 2 branches of the dungeon, and saw 9 of its levels.
You also visited: Sewer.

You collected 459 gold pieces.


Innate Abilities, Weirdness & Mutations

You have a pair of horns on your head.
You cannot study or use magical devices.
You reflexively headbutt those who attack you in melee.
You are agile. (Dex +4, Str/Int -1)
Your mind is very acute. (Int +8, Str/Dex -2)


   Skills:
 - Level 8.0 Fighting
 + Level 13.4 Axes
 - Level 4.2 Throwing
 - Level 5.2 Armour
 - Level 2.1 Dodging
 - Level 9.1 Shields


You had 9 spell levels left.
You didn't know any spells.
Your spell library was empty.

Inventory:

Hand Weapons
 Y - a +2 broad axe of flaming (weapon)
Missiles
 m - 8 boomerangs
 q - 4 javelins (quivered)
Armour
 a - a +2 ring mail of fire resistance
 i - a +0 kite shield (worn)
 l - a +0 cloak
 n - a +0 scale mail of poison resistance
 o - a +0 chain mail (worn)
 v - a +0 pair of gloves (worn)
Jewellery
 j - a ring of fire
Scrolls
 g - 2 scrolls of identify
 h - 5 scrolls of teleportation
Potions
 b - 2 potions of haste
 c - 2 potions of cancellation
 d - a potion of might
 e - 4 potions of mutation
 f - a potion of heal wounds
 k - 2 potions of resistance
 p - 2 potions of curing
 s - a potion of flight {unknown}

Dungeon Overview and Level Annotations

Branches:
Dungeon (8/15)             Temple (1/1) D:6           Sewer (visited)
   Lair: D:8-11

Altars:
Ashenzari
Cheibriados
Dithmenos
Elyvilon
Fedhas
Gozag
Hepliaklqana
Kikubaaqudgha
Makhleb
Nemelex Xobeh
Qazlal
Ru
Sif Muna
Trog
Uskayaw
Vehumet
Wu Jian
Xom
Yredelemnul
Zin
The Shining One

Shops:
D:5 =   D:6 :

Annotations:
D:7 3 runed translucent doors, qw's ghost, novice MiFi


Message History

You slash the steam dragon! You burn the steam dragon.
You kill the steam dragon!
You feel your dexterity returning.
You see here a +0 club.
You see here a +0 club.
There is a stone staircase leading up here.
You enter the shallow water.
Moving in this stuff is going to be slow.
The oklob sapling spits acid at you. You block the splash of acid.
You redirect the oklob sapling's attack!
The oklob sapling spits acid at you. The splash of acid hits you!
The acid corrodes you! The oklob sapling spits acid at you.
You block the splash of acid. The oklob sapling spits acid at you.
The splash of acid hits you! The oklob sapling spits acid at you.
The splash of acid misses you. The oklob sapling spits acid at you.
You block the splash of acid. The oklob sapling spits acid at you.
The splash of acid misses you.
The oklob sapling begins to attack, but is stunned by your conviction!
The oklob sapling spits acid at you. The splash of acid hits you!
The oklob sapling spits acid at you. The splash of acid hits you!
The acid corrodes you! The oklob sapling spits acid at you.
The splash of acid hits you!
The oklob sapling begins to attack, but is stunned by your conviction!
You redirect the oklob sapling's attack!
The oklob sapling spits acid at you. The splash of acid hits you!
The acid corrodes you!
8763 ||| READING 6 scrolls of teleportation.
As you read the scroll of teleportation, it crumbles to dust.
You feel strangely unstable. The oklob sapling spits acid at you.
The splash of acid hits you!!
You die...

#..##### ### #......####
#####.. ###.###....# ####......
###...):.....####......##.
##....~~))..........####...
#...7~~~....7777.#### #...
#...7~777777.~77....## #...
##...7.7..7~~~~77.....# ##..
#....77.77~@~~~~77....## #..
###....777.7~~~~P~~7.....# #..
##......77~.7~~~~~~.77....####.
#..##...777~~~~~~~~P~7.....# ##
######..<.7~~~~~~.~~!7.....# ##
##...777~~~~7~P.7.....# #.
#...7~77~7777777.....###)
##.77~~#'#~~7 7....##...
##.7~~~%%%..7 7....##.##


You could see 2 oklob saplings.

Vanquished Creatures
  A two-headed ogre (D:8)
  Pikel (D:4)
  An unseen horror (D:8)
  Sigmund (D:4)
  A wraith (D:5)
  3 yaks
  A steam dragon (D:8)
  3 water moccasins
  Duvessa (D:7)
  An orc warrior (D:7)
  5 black bears
  2 sky beasts (D:7)
  4 ogres
  2 centaurs
  2 phantoms
  A kobold brigand (D:6)
  A necrophage (D:8)
  A bullfrog (D:8)
  A scorpion (D:6)
  Dowan (D:7)
  A howler monkey (D:8)
  3 orc priests
  2 gnoll boudas
  3 hounds
  6 jellies
  4 iguanas
  3 orc wizards
  Robin (D:4)
  16 gnolls
  9 adders
  6 river rats
  A shadow imp (D:5)
  An ufetubus (D:7)
  4 worms
  A dart slug (D:5)
  27 orcs
  15 endoplasms
  14 giant cockroaches
  16 goblins
  11 hobgoblins
  4 jackals (D:1)
  5 quokkas
  24 ball pythons
  7 bats
  5 frilled lizards
  14 kobolds
  10 rats
247 creatures vanquished.

Vanquished Creatures (others)
  A yak (D:8)
  A goblin zombie (D:4)
  A bush (D:8)
  9 plants (D:8)
12 creatures vanquished.

Grand Total: 259 creatures vanquished

Notes
Turn   | Place    | Note
-------+----------+-------------------------------------------
     0 | D:1      | qw the Minotaur Fighter began the quest for the Orb.
     0 | D:1      | Reached XP level 1. HP: 19/19 MP: 0/0
     0 | D:1      | 0 ||| qw: Version: 0.1-a-112-g44dc6cd
     0 | D:1      | 0 ||| qw: Game counter: 6857
     0 | D:1      | 0 ||| qw: Always use a shield: true
     0 | D:1      | 0 ||| qw: God list: Ru
     0 | D:1      | 0 ||| qw: Allow faded altars: false
     0 | D:1      | 0 ||| qw: Do Orc after D:15 true
     0 | D:1      | 0 ||| qw: Do second Lair branch before Depths: true
     0 | D:1      | 0 ||| qw: Lair rune preference: random
     0 | D:1      | 0 ||| qw: Plans: Normal
     0 | D:1      | 0 ||| PLANNING D:1-11
   105 | D:1      | Reached skill level 3 in Axes
   211 | D:1      | Reached XP level 2. HP: 26/26 MP: 1/1
   382 | D:1      | Reached skill level 4 in Axes
   663 | D:1      | Reached XP level 3. HP: 31/31 MP: 2/2
   830 | D:1      | 830 ||| Stepping ~*~*~tactically~*~*~ (stealth).
   835 | D:1      | 835 ||| Stepping ~*~*~tactically~*~*~ (stealth).
  1027 | D:1      | 1027 ||| Stepping ~*~*~tactically~*~*~ (stealth).
  1065 | D:1      | 1065 ||| UPGRADING to +0 kite shield.
  1075 | D:1      | 1075 ||| DROPPING +0 buckler.
  1076 | D:1      | 1076 ||| READING scroll labelled WOAMUNLE JURA.
  1177 | D:1      | 1177 ||| READING scroll labelled VUMACZ REFUBO.
  1178 | D:1      | 1178 ||| READING 3 scrolls labelled AWEESIRERO.
  1182 | D:1      | 1182 ||| READING scroll labelled DOQ DI QOCZAA.
  1183 | D:1      | 1183 ||| READING scroll labelled PITUTR BUISYFYELA.
  1207 | D:2      | 1207 ||| STAIRDANCE
  1213 | D:2      | 1213 ||| STAIRDANCE
  1414 | D:2      | 1414 ||| Stepping ~*~*~tactically~*~*~ (stealth).
  1595 | D:2      | Reached skill level 5 in Axes
  1644 | D:2      | 1644 ||| Stepping ~*~*~tactically~*~*~ (stealth).
  1645 | D:2      | 1645 ||| Stepping ~*~*~tactically~*~*~ (stealth).
  1802 | D:2      | Reached XP level 4. HP: 39/39 MP: 3/3
  1989 | D:2      | 1989 ||| UPGRADING to +0 chain mail.
  1999 | D:2      | 1999 ||| DROPPING +0 scale mail.
  2000 | D:2      | 2000 ||| DROPPING amulet of faith.
  2001 | D:2      | 2001 ||| READING scroll labelled ZIWYNO BAEWNO.
  2002 | D:2      | 2002 ||| READING 2 scrolls labelled VOUMMA QIDE.
  2003 | D:2      | 2003 ||| READING 3 scrolls labelled LIUK FYSIOCEA.
  2004 | D:2      | 2004 ||| READING 2 scrolls of brand weapon.
  2004 | D:2      | 2004 ||| BRANDING +0 war axe of draining.
  2005 | D:2      | 2005 ||| READING scroll of brand weapon.
  2005 | D:2      | 2005 ||| BRANDING +0 vorpal war axe.
  2006 | D:2      | 2006 ||| DRINKING 3 dark potions.
  2006 | D:2      | Gained mutation: Your mind is acute. (Int +4, Str/Dex -1)
                  | [potion of mutation]
  2006 | D:2      | Gained mutation: You are agile. (Dex +4, Str/Int -1)
                  | [potion of mutation]
  2006 | D:2      | Gained mutation: Your mind is very acute. (Int +8, Str/Dex
                  | -2) [potion of mutation]
  2007 | D:2      | 2007 ||| DRINKING 2 white potions.
  2008 | D:2      | 2008 ||| DROPPING potion of brilliance.
  2029 | D:3      | 2029 ||| PLANNING SEWER
  2068 | D:3      | Found a glowing drain.
  2075 | D:3      | Reached skill level 1 in Dodging
  2178 | D:3      | 2178 ||| READING 3 scrolls of teleportation.
  2189 | D:3      | 2189 ||| Stepping ~*~*~tactically~*~*~ (stealth).
  2223 | D:3      | 2223 ||| DROPPING +0 club.
  2238 | Sewer    | Entered a sewer
  2276 | Sewer    | 2276 ||| Stepping ~*~*~tactically~*~*~ (stealth).
  2337 | Sewer    | Reached XP level 5. HP: 43/45 MP: 4/4
  2355 | Sewer    | 2355 ||| Stepping ~*~*~tactically~*~*~ (water).
  2360 | Sewer    | Reached skill level 6 in Axes
  2564 | Sewer    | 2564 ||| Stepping ~*~*~tactically~*~*~ (stealth).
  2580 | Sewer    | Found a viscous altar of Jiyva.
  2587 | Sewer    | Reached XP level 6. HP: 24/51 MP: 5/5
  2789 | Sewer    | 2789 ||| DRINKING 2 bubbling grey potions.
  2811 | D:3      | 2811 ||| PLANNING D:1-11
  2814 | D:3      | 2814 ||| Stepping ~*~*~tactically~*~*~ (stealth).
  2976 | D:3      | Found a hazy altar of Hepliaklqana.
  2980 | D:3      | Found a glowing silver altar of Zin.
  3125 | D:3      | Reached skill level 7 in Axes
  3188 | D:3      | 3188 ||| Stepping ~*~*~tactically~*~*~ (hiding).
  3200 | D:3      | 3200 ||| Stepping ~*~*~tactically~*~*~ (hiding).
  3266 | D:3      | 3266 ||| DROPPING +0 flail.
  3274 | D:3      | Found a shadowy altar of Dithmenos.
  3344 | D:4      | Noticed Robin
  3358 | D:4      | Killed Robin
  3594 | D:4      | 3594 ||| FLEEEEING.
  3595 | D:4      | 3595 ||| FLEEEEING.
  3596 | D:4      | 3596 ||| FLEEEEING.
  3597 | D:4      | 3597 ||| FLEEEEING.
  3598 | D:4      | 3598 ||| FLEEEEING.
  3599 | D:4      | 3599 ||| FLEEEEING.
  3600 | D:4      | 3600 ||| FLEEEEING.
  3601 | D:4      | 3601 ||| FLEEEEING.
  3602 | D:4      | 3602 ||| FLEEEEING.
  3615 | D:4      | 3615 ||| FLEEEEING.
  3616 | D:4      | 3616 ||| FLEEEEING.
  3617 | D:4      | 3617 ||| FLEEEEING.
  3618 | D:4      | 3618 ||| FLEEEEING.
  3619 | D:4      | 3619 ||| FLEEEEING.
  3620 | D:4      | 3620 ||| FLEEEEING.
  3621 | D:4      | 3621 ||| FLEEEEING.
  3626 | D:4      | 3626 ||| FLEEEEING.
  3631 | D:4      | 3631 ||| FLEEEEING.
  3632 | D:4      | 3632 ||| STAIRDANCE
  3703 | D:3      | 3703 ||| READING scroll labelled WYUNUZ SIUTUME.
  3704 | D:3      | 3704 ||| DRINKING 2 fuming purple potions.
  3705 | D:3      | 3705 ||| READING 2 scrolls of identify.
  3705 | D:3      | 3705 ||| IDENTIFYING orange potion
  3706 | D:3      | 3706 ||| DROPPING potion of ambrosia.
  3712 | D:4      | Reached skill level 8 in Axes
  3712 | D:4      | Reached XP level 7. HP: 59/59 MP: 6/6
  3823 | D:4      | Noticed Pikel
  3824 | D:4      | 3824 ||| Stepping ~*~*~tactically~*~*~ (hiding).
  3826 | D:4      | 3826 ||| Stepping ~*~*~tactically~*~*~ (hiding).
  3833 | D:4      | Killed Pikel
  3845 | D:4      | Reached XP level 8. HP: 47/66 MP: 7/7
  4101 | D:4      | Found a sparkling altar of Nemelex Xobeh.
  4163 | D:4      | Noticed Sigmund
  4168 | D:4      | 4168 ||| DRINKING 2 potions of curing.
  4168 | D:4      | 4168 ||| (to cure confusion)
  4169 | D:4      | Killed Sigmund
  4170 | D:4      | Reached skill level 9 in Axes
  4430 | D:4      | 4430 ||| READING scroll labelled ASYFIV HUSUC.
  4467 | D:5      | Entered Level 5 of the Dungeon
  4477 | D:5      | Reached skill level 10 in Axes
  4478 | D:5      | 4478 ||| FLEEEEING.
  4479 | D:5      | 4479 ||| STAIRDANCE
  4546 | D:5      | 4546 ||| STAIRDANCE
  4635 | D:5      | 4635 ||| STAIRDANCE
  4639 | D:4      | Reached skill level 1 in Throwing
  4665 | D:5      | Found Ahiuh's Jewellery Shoppe.
  4675 | D:5      | 4675 ||| SHOPLISTING +4 ring of protection (396 gold, have
                  | 210).
  4675 | D:5      | 4675 ||| SHOPLISTING amulet of the acrobat (330 gold, have
                  | 210).
  4675 | D:5      | 4675 ||| SHOPLISTING ring of fire (275 gold, have 210).
  4675 | D:5      | 4675 ||| SHOPLISTING ring of poison resistance (220 gold,
                  | have 210).
  4675 | D:5      | 4675 ||| SHOPLISTING ring of positive energy (220 gold,
                  | have 210).
  4922 | D:5      | Found a shimmering blue altar of Sif Muna.
  4978 | D:5      | 4978 ||| Stepping ~*~*~tactically~*~*~ (stealth).
  4981 | D:5      | Reached skill level 6 in Fighting
  4981 | D:5      | Reached XP level 9. HP: 56/75 MP: 8/8
  5152 | D:5      | 5152 ||| Stepping ~*~*~tactically~*~*~ (hiding).
  5154 | D:5      | 5154 ||| Stepping ~*~*~tactically~*~*~ (hiding).
  5155 | D:5      | 5155 ||| Stepping ~*~*~tactically~*~*~ (hiding).
  5156 | D:5      | 5156 ||| Stepping ~*~*~tactically~*~*~ (hiding).
  5238 | D:5      | 5238 ||| Stepping ~*~*~tactically~*~*~ (stealth).
  5384 | D:5      | Reached skill level 11 in Axes
  5530 | D:5      | 5530 ||| UPGRADING to +0 pair of gloves.
  5535 | D:5      | 5535 ||| DROPPING +6 ring of intelligence.
  5536 | D:5      | 5536 ||| READING scroll labelled ZAODEHA PEIFFO.
  5700 | D:5      | 5700 ||| READING scroll labelled JIOCZO INIXTOA.
  5700 | D:5      | Identified a scroll of acquirement
  5700 | D:5      | 5700 ||| ACQUIRING +2 broad axe of flaming
  5700 | D:5      | Acquired a +2 broad axe of flaming
  5702 | D:5      | 5702 ||| SWAPPING to +2 broad axe of flaming.
  5703 | D:5      | 5703 ||| DROPPING +0 morningstar.
  5704 | D:5      | 5704 ||| DROPPING +1 war axe of chaos.
  5705 | D:5      | 5705 ||| DRINKING 2 bubbling pink potions.
  5706 | D:5      | 5706 ||| READING 4 scrolls of identify.
  5706 | D:5      | 5706 ||| IDENTIFYING red potion
  5707 | D:5      | 5707 ||| READING 3 scrolls of identify.
  5707 | D:5      | 5707 ||| IDENTIFYING viscous emerald potion
  5708 | D:5      | 5708 ||| READING 2 scrolls of identify.
  5708 | D:5      | 5708 ||| IDENTIFYING green potion
  5709 | D:5      | 5709 ||| DROPPING potion of invisibility.
  5710 | D:5      | 5710 ||| DROPPING potion of attraction.
  5758 | D:6      | Found Jucit's Self-Improvement Boutique.
  5828 | D:6      | Found a staircase to the Ecumenical Temple.
  5830 | D:6      | 5830 ||| PLANNING TEMPLE
  5830 | D:6      | 5830 ||| READING 2 scrolls of identify.
  5830 | D:6      | 5830 ||| IDENTIFYING bubbling brown potion
  5839 | Temple   | Entered the Ecumenical Temple
  5895 | Temple   | Became a worshipper of Ru the Awakened
  5958 | Temple   | 5958 ||| PLANNING D:1-11
  6006 | D:6      | 6006 ||| Stepping ~*~*~tactically~*~*~ (hiding).
  6233 | D:6      | Found a shimmering altar of Xom.
  6308 | D:6      | 6308 ||| Stepping ~*~*~tactically~*~*~ (hiding).
  6318 | D:6      | Identified the +8 rapier of Dilesat {vorpal, rElec Will+
                  | Str+4 Stlth+}
  6456 | D:6      | 6456 ||| Stepping ~*~*~tactically~*~*~ (stealth).
  6463 | D:6      | Reached skill level 12 in Axes
  6464 | D:6      | 6464 ||| Stepping ~*~*~tactically~*~*~ (stealth).
  6467 | D:6      | 6467 ||| Stepping ~*~*~tactically~*~*~ (hiding).
  6793 | D:6      | 6793 ||| READING scroll labelled NUZESM SA DOSU.
  6794 | D:6      | 6794 ||| READING scroll labelled GERAOTHY FOW.
  6863 | D:7      | Noticed Duvessa
  6863 | D:7      | Noticed Dowan
  6864 | D:7      | 6864 ||| Stepping ~*~*~tactically~*~*~ (hiding).
  6872 | D:7      | Killed Duvessa
  6881 | D:7      | Killed Dowan
  6981 | D:7      | 6981 ||| Stepping ~*~*~tactically~*~*~ (hiding).
  6985 | D:7      | 6985 ||| Stepping ~*~*~tactically~*~*~ (hiding).
  6992 | D:7      | 6992 ||| Stepping ~*~*~tactically~*~*~ (stealth).
  7167 | D:7      | Reached skill level 9 in Shields
  7201 | D:7      | Found a stormy altar of Qazlal.
  7311 | D:7      | Found a runed translucent gate.
  7312 | D:7      | Found a runed translucent gate.
  7313 | D:7      | Found a runed translucent gate.
  7313 | D:7      | Found an opulent altar of Gozag.
  7314 | D:7      | Noticed a green ugly thing
  7316 | D:7      | Noticed qw's ghost (novice MiFi)
  7503 | D:7      | 7503 ||| INVOKING Sacrifice Artifice.
  7503 | D:7      | Gained mutation: You cannot study or use magical devices.
                  | [Ru sacrifice]
  7503 | D:7      | Reached * piety under Ru
  7503 | D:7      | Reached ** piety under Ru
  7589 | D:7      | 7589 ||| DRINKING 2 viscous silvery potions.
  7590 | D:7      | 7590 ||| READING 2 scrolls of identify.
  7590 | D:7      | 7590 ||| IDENTIFYING bubbling orange potion
  7591 | D:7      | 7591 ||| DROPPING potion of berserk rage.
  7592 | D:7      | 7592 ||| DROPPING potion of degeneration.
  7613 | D:8      | 7613 ||| Stepping ~*~*~tactically~*~*~ (stealth).
  7615 | D:8      | 7615 ||| Stepping ~*~*~tactically~*~*~ (stealth).
  7618 | D:8      | 7618 ||| Stepping ~*~*~tactically~*~*~ (stealth).
  7626 | D:8      | Found a white marble altar of Elyvilon.
  7790 | D:8      | Reached XP level 10. HP: 83/86 MP: 9/9
  7923 | D:8      | Reached skill level 13 in Axes
  7994 | D:8      | Noticed a two-headed ogre
  8000 | D:8      | Killed a two-headed ogre
  8125 | D:8      | 8125 ||| Stepping randomly (disturbance).
  8298 | D:8      | 8298 ||| Stepping ~*~*~tactically~*~*~ (stealth).
  8300 | D:8      | 8300 ||| Stepping ~*~*~tactically~*~*~ (stealth).
  8304 | D:8      | 8304 ||| Stepping ~*~*~tactically~*~*~ (stealth).
  8319 | D:8      | 8319 ||| Stepping ~*~*~tactically~*~*~ (stealth).
  8762 | D:8      | HP: 10/88 [oklob sapling/splash of acid (16)]
  8763 | D:8      | 8763 ||| READING 6 scrolls of teleportation.
  8763 | D:8      | Killed from afar by an oklob sapling

Levels and vault maps discovered:
D:1:      wander_arrival_chamber, layout_loops_corners
D:2:      layout_loops_ring, minmay_tiny_reverse_x
D:3:      layout_basic, nicolae_dithmenos_the_darkroom, jmf_multi_god_temple,
          portal_sewer_entry_c
D:4:      layout_basic, mainiacjoe_overflow_alcove_2, grunt_ministairs_2,
          minivault_27, uniq_robin, uniq_sigmund, uniq_pikel
D:5:      layout_rooms, mainiacjoe_overflow_alcove_1, serial_shops, shop,
          minmay_manual_moon
D:6:      layout_loops_ring, kennysheep_little_box,
          minmay_temple_entry_stoned_glass, nicolae_shop_self_help
D:7:      layout_basic, lemuel_doored_altar, ebering_ghost_gozag, moated_statue,
          st_stairs_12, grunt_ministairs_13, minivault_26, uniq_duvessa
D:8:      layout_cave_pods, old_standard_altar, introduction_to_nature_2
Temple:   dshaligram_water_room_temple

Skill      XL: |  1  2  3  4  5  6  7  8  9 10 |
---------------+-------------------------------+-----
Axes           | 3 4 5 6 8 10 12 13 | 13.4
Shields        | 4 5 8 9 |  9.1
Dodging        | 1 2 |  2.1
Fighting       | 4 6 7 8 |  8.0
Throwing       | 2 4 |  4.2
Armour         | 4 5 |  5.2

Action                   |  1- 3 |  4- 6 |  7- 9 | 10-12 || total
-------------------------+-------+-------+-------+-------++-------
Melee: War axe           |   107 |   132 |   102 |       ||   341
       Headbutt          |    11 |    14 |    38 |     7 ||    70
       Broad axe         |       |       |    86 |    42 ||   128
Throw: Boomerang         |    10 |    70 |    32 |     3 ||   115
       Javelin           |       |       |    23 |    11 ||    34
Invok: Sacrifice Artific |       |       |     1 |       ||     1
  Use: Scroll            |     5 |     8 |    10 |     1 ||    24
       Potion            |       |     4 |     3 |       ||     7
Armor: Scale mail        |    50 |     1 |       |       ||    51
       Chain mail        |       |    58 |    69 |    16 ||   143
Dodge: Dodged            |    39 |    44 |    37 |    16 ||   136
Block: Buckler           |    18 |       |       |       ||    18
       Kite shield       |    13 |    47 |    91 |    20 ||   171

Table legend:
 A = Non-vault XP
 B = Vault XP
 C = Vault XP percentage of total XP
 D = Non-vault monster count
 E = Vault monster count
 F = Vault count percentage of total count
                 A         B        C        D         E       F
            +---------+---------+-------+---------+---------+-------
      Total |    5054 |    2822 |  35.8 |     160 |      88 |  35.5
            +---------+---------+-------+---------+---------+-------
        D:1 |      63 |       0 |   0.0 |      37 |       0 |   0.0
        D:2 |      36 |       3 |   7.7 |      19 |       2 |   9.5
        D:3 |     107 |      35 |  24.6 |      25 |       7 |  21.9
        D:4 |     457 |     904 |  66.4 |      22 |      15 |  40.5
        D:5 |     726 |     812 |  52.8 |      14 |       8 |  36.4
        D:6 |     641 |       0 |   0.0 |      17 |       0 |   0.0
        D:7 |     540 |     510 |  48.6 |       6 |      11 |  64.7
        D:8 |    2484 |     254 |   9.3 |      20 |      12 |  37.5
      Sewer |       0 |     304 | 100.0 |       0 |      33 | 100.0
            +---------+---------+-------+---------+---------+-------
